 Dungeon Crawl Stone Soup version 0.30.1-9-gdf580d7c3d (webtiles) character file.

Game seed: 12109285215893389446

79 leafyfresh the Covert (level 4, -1/41 HPs)
             Began as a Gnoll Delver on Oct 15, 2023.
             Slain by an orc priest
             ... wielding a +0 hand axe
              (7 damage)
             ... on level 4 of the Dungeon.
             The game lasted 00:00:51 (616 turns).

leafyfresh the Covert (Gnoll Delver)                 Turns: 616, Time: 00:00:52

Health: -1/41      AC:  3    Str: 12    XL:     4   Next: 37%
Magic:  5/5        EV: 13    Int: 11    God:
Gold:   12         SH:  0    Dex: 13    Spells: 5/5 levels left

rFire   . . .        a - +0 short sword
rCold   . . .        (no shield)
rNeg    . . .        b - +0 leather armour
rPois   .            (no helmet)
rElec   .            (no cloak)
rCorr   .            (no gloves)
SInv    .            (no boots)
Will    .....        (no amulet)
Stlth   ++++         (no ring)
HPRegen 0.26/turn    (no ring)
MPRegen 0.09/turn

%: no passive effects
@: no status effects
A: fangs 1, strong nose, distributed training
a: no special abilities


You were on level 4 of the Dungeon.
You visited 1 branch of the dungeon, and saw 2 of its levels.

You collected 12 gold pieces.

Inventory:

Hand Weapons
 a - a +0 short sword (weapon)
Armour
 b - a +0 leather armour (worn)
Jewellery
 e - a ring of ice
Wands
 g - a wand of digging (3)
Scrolls
 c - a scroll of fog
 d - a scroll of magic mapping
 h - a scroll of noise {unknown}
Potions
 f - a potion of haste


   Skills:
 + Level 6.6 Fighting
 + Level 4.6 Short Blades
 + Level 1.2 Long Blades
 + Level 1.2 Axes
 + Level 1.2 Maces & Flails
 + Level 1.2 Polearms
 + Level 1.2 Staves
 + Level 1.2 Ranged Weapons
 + Level 1.2 Throwing
 + Level 1.2 Armour
 + Level 4.6 Dodging
 + Level 9.6 Stealth
 + Level 1.2 Shields
 + Level 1.2 Unarmed Combat
 + Level 1.2 Spellcasting
 + Level 1.0 Conjurations
 + Level 1.0 Hexes
 + Level 1.0 Summonings
 + Level 1.0 Necromancy
 + Level 1.0 Translocations
 + Level 1.0 Transmutations
 + Level 1.0 Fire Magic
 + Level 1.0 Ice Magic
 + Level 1.0 Air Magic
 + Level 1.0 Earth Magic
 + Level 1.0 Poison Magic
 + Level 1.3 Invocations
 + Level 1.2 Evocations


You had 5 spell levels left.
You didn't know any spells.
Your spell library was empty.

Dungeon Overview and Level Annotations

Branches:
Dungeon (5/15)
 Temple: D:4-7

Altars:


Innate Abilities, Weirdness & Mutations

You have very sharp teeth.
Your uncanny sense of smell can sniff out nearby items.
Your experience applies equally to all skills.


Message History

Your Transmutations skill increases to level 1!
Your Fire Magic skill increases to level 1!
Your Ice Magic skill increases to level 1!
Your Air Magic skill increases to level 1!
Your Earth Magic skill increases to level 1!
Your Poison Magic skill increases to level 1!
You have reached level 4!
You feel stronger.
Found a potion of haste.
The orc priest misses you.
Items here: )) [[.
You completely miss the orc priest. The orc priest misses you.
You hit the orc priest. You bite the orc priest.
The orc priest is moderately wounded.
The orc priest hits you with a +0 hand axe.
* * * LOW HITPOINT WARNING * * *
You hit the orc priest but do no damage.
The orc priest is moderately wounded.
The orc priest completely misses you.
You barely miss the orc priest.
The orc priest is moderately wounded.
You hit the orc priest but do no damage.
The orc priest is moderately wounded.
The orc priest closely misses you.
You hit the orc priest but do no damage.
You bite the orc priest, but do no damage.
The orc priest is moderately wounded.
The orc priest closely misses you.
You hit the orc priest but do no damage.
The orc priest is moderately wounded.
The orc priest hits you with a +0 hand axe!
* * * LOW HITPOINT WARNING * * *
You barely miss the orc priest.
The orc priest is moderately wounded.
You hit the orc priest but do no damage.
The orc priest is moderately wounded.
The orc priest closely misses you.
You hit the orc priest but do no damage.
The orc priest is moderately wounded.
The orc priest hits you with a +0 hand axe!
You die...

#.####.# #.# #.#
#.# #.# #.# #.#
#.# #.# ##.
#.####.# ...∆
#...##.# ..#
###.##.####o..###
#.##...@oo....!
#.#######...###
#.# .## #.# # #.#
#.##.# #.##.#
#.##.# #.##.#


You could see an orc priest and 2 orcs.

Vanquished Creatures
  A hound (D:4)
  An orc wizard (D:4)
  A gnoll (D:5)
  An adder (D:5)
  An orc (D:4)
  A giant cockroach (D:4)
  A kobold (D:4)
7 creatures vanquished.

Notes
Turn   | Place    | Note
-------+----------+-------------------------------------------
     0 | D:5      | Reached skill level 9 in Stealth
     0 | D:5      | leafyfresh the Gnoll Delver began the quest for the Orb.
     0 | D:5      | Reached XP level 1. HP: 23/23 MP: 1/1
    41 | D:5      | Reached XP level 2. HP: 29/29 MP: 2/2
   441 | D:4      | Reached skill level 1 in Long Blades
   441 | D:4      | Reached skill level 1 in Axes
   441 | D:4      | Reached skill level 1 in Maces & Flails
   441 | D:4      | Reached skill level 1 in Polearms
   441 | D:4      | Reached skill level 1 in Staves
   441 | D:4      | Reached skill level 1 in Ranged Weapons
   441 | D:4      | Reached skill level 1 in Throwing
   441 | D:4      | Reached skill level 1 in Armour
   441 | D:4      | Reached skill level 1 in Shields
   441 | D:4      | Reached skill level 1 in Unarmed Combat
   441 | D:4      | Reached skill level 1 in Spellcasting
   441 | D:4      | Reached skill level 1 in Invocations
   441 | D:4      | Reached skill level 1 in Evocations
   441 | D:4      | Reached XP level 3. HP: 16/35 MP: 2/4
   606 | D:4      | Reached skill level 1 in Conjurations
   606 | D:4      | Reached skill level 1 in Hexes
   606 | D:4      | Reached skill level 1 in Summonings
   606 | D:4      | Reached skill level 1 in Necromancy
   606 | D:4      | Reached skill level 1 in Translocations
   606 | D:4      | Reached skill level 1 in Transmutations
   606 | D:4      | Reached skill level 1 in Fire Magic
   606 | D:4      | Reached skill level 1 in Ice Magic
   606 | D:4      | Reached skill level 1 in Air Magic
   606 | D:4      | Reached skill level 1 in Earth Magic
   606 | D:4      | Reached skill level 1 in Poison Magic
   606 | D:4      | Reached XP level 4. HP: 14/41 MP: 5/5
   616 | D:4      | Slain by an orc priest

Illustrated notes

Levels and vault maps discovered:
D:4:      layout_loops_ring, uniq_sigmund
D:5:      layout_loops_ring, minmay_temple_entry_gardened_gates,
          serial_aquarium, aquarium_bridge_square [aquarium_subvault_window,
          aquarium_subvault_balcony, aquarium_subvault_bridge,
          aquarium_subvault_bridge], aquarium_window_2,
          aquarium_window_corridor_1, aquarium_view_2g, aquarium_view_2f,
          aquarium_balcony_3a

Skill      XL: |  1  2  3 |
---------------+----------+-----
Stealth        | |  9.6
Long Blades    | 1 |  1.2
Axes           | 1 |  1.2
Maces & Flails | 1 |  1.2
Polearms       | 1 |  1.2
Staves         | 1 |  1.2
Ranged Weapons | 1 |  1.2
Throwing       | 1 |  1.2
Armour         | 1 |  1.2
Shields        | 1 |  1.2
Unarmed Combat | 1 |  1.2
Spellcasting   | 1 |  1.2
Invocations    | 1 |  1.3
Evocations     | 1 |  1.2
Conjurations   | 1 |  1.0
Hexes          | 1 |  1.0
Summonings     | 1 |  1.0
Necromancy     | 1 |  1.0
Translocations | 1 |  1.0
Transmutations | 1 |  1.0
Fire Magic     | 1 |  1.0
Ice Magic      | 1 |  1.0
Air Magic      | 1 |  1.0
Earth Magic    | 1 |  1.0
Poison Magic   | 1 |  1.0
Fighting       | |  6.6
Short Blades   | |  4.6
Dodging        | |  4.6

Action                     |  1- 3 |  4- 6 || total
---------------------------+-------+-------++-------
  Melee: Short sword       |    58 |    10 ||    68
         Bite              |     5 |     2 ||     7
    Use: Scroll            |     1 |       ||     1
   Stab: Sleeping          |     3 |       ||     3
 Armour: Leather armour    |     7 |       ||     7
  Dodge: Dodged            |    23 |     6 ||    29
